 Dungeon Crawl Stone Soup version 0.25.0-1-g7eea58d (webtiles) character file.

Game seed: 6212523738176343885

807 Bionic the Cleaver (level 7, -4/61 HPs)
             Began as a Deep Dwarf Fighter on June 14, 2020.
             Slain by an ogre
             ... wielding a +0 giant spiked club
              (19 damage)
             ... on level 5 of the Dungeon.
             The game lasted 00:08:48 (3742 turns).

Bionic the Cleaver (Deep Dwarf Fighter)             Turns: 3742, Time: 00:08:48

Health: -4/61      AC: 12    Str: 21    XL:     7   Next: 60%
Magic:  6/6        EV:  5    Int:  9    God:
Gold:   213        SH:  9    Dex: 12    Spells: 6/6 levels left

rFire    . . .     SeeInvis .   a - +0 war axe
rCold    . . .     Gourm    .   c - +0 kite shield
rNeg     . . .     Faith    .   u - +0 chain mail
rPois    .         Spirit   .   (no helmet)
rElec    .         Reflect  .   y - scarf {repulsion}
rCorr    .         Harm     .   m - +2 pair of gloves
MR       +....                  (no boots)
Stlth    ..........             (no amulet)
HPRegen  0.00/turn              (no ring)
MPRegen  0.10/turn              (no ring)

@: non-regenerating, repel missiles
A: damage resistance, heal wounds, sense surroundings 1, no regeneration
a: Heal Wounds


You were on level 5 of the Dungeon.
You were not hungry.

You visited 1 branch of the dungeon, and saw 5 of its levels.

You collected 246 gold pieces.
You spent 33 gold pieces at shops.


Innate Abilities, Weirdness & Mutations

You are resistant to damage.
You can heal yourself by infusing magical energy.
You passively map a small area around you.
You do not regenerate.


   Skills:
 - Level 2.6 Fighting
 * Level 9.6 Axes
 - Level 3.2 Armour
 - Level 3.2 Shields


You had 6 spell levels left.
You didn't know any spells.
Your spell library contained the following spells:

 Spells                   Type           Power        Failure   Level  Hunger
 Beastly Appendage        Tmut           #.....       100%        1    ##.....
 Corona                   Hex            #......      100%        1    ##.....
 Ensorcelled Hibernation  Hex/Ice        #.....       100%        2    ###....
 Sticks to Snakes         Tmut           #.......     100%        2    ###....
 Confusing Touch          Hex            #.......     100%        3    ####...
 Dazzling Flash           Conj/Hex       #.....       100%        3    ####...
 Spider Form              Tmut/Pois      #.........   100%        3    ####...
 Tukima's Dance           Hex            #.......     100%        3    ####...
 Ice Form                 Ice/Tmut       #.......     100%        4    #####..
 Blade Hands              Tmut           #.........   100%        5    ######.

Inventory:

Hand Weapons
 a - a +0 war axe (weapon)
Missiles
 g - 138 stones (quivered)
Armour
 c - a +0 kite shield (worn)
 e - a +0 cloak
 m - a +2 pair of gloves (worn)
 u - a +0 chain mail (worn)
 x - a +0 tower shield
 y - a scarf of repulsion (worn)
Wands
 h - a wand of enslavement (5)
Scrolls
 i - a scroll of magic mapping
 j - a scroll of fog
 o - 3 scrolls of remove curse {@r2}
Potions
 b - a potion of mutation {unknown}
 d - a potion of curing {@q1}
 k - 2 potions of lignification
 l - a potion of flight
 q - 2 potions of degeneration
 s - 2 potions of ambrosia {unknown}
 v - a potion of haste {@q3}
 w - 2 potions of brilliance
Comestibles
 f - 7 rations {@e1}
 n - 4 chunks of flesh

Dungeon Overview and Level Annotations

Branches:
Dungeon (5/15)
 Temple: D:4-7

Altars:
Ashenzari
Nemelex Xobeh
Qazlal
Wu Jian

Shops:
D:5 !

Annotations:
D:5 Eustachio

* # # # # * #
############# * #
#...........# *
###...........#######.#
, *
..'รท..........'.@O....#
###...........#######.#
# #...........# * , #
#.).#####'### ,, # #...#
.... * * # ##### #.....
, * # #...... * * , #
#.......* , , #
#.......#


You could see an ogre.


Message History

You hit the orc but do no damage.
The orc is heavily wounded.
The orc hits you but does no damage.
You hit the orc.
The orc is severely wounded.
The orc hits you but does no damage.
You hit the orc but do no damage.
The orc is severely wounded.
The orc hits you but does no damage.
You hit the orc but do no damage.
The orc is severely wounded.
The orc closely misses you.
You hit the orc but do no damage.
The orc is severely wounded.
The orc closely misses you.
The orc priest calls down the wrath of Beogh upon you.
Beogh smites you!
* * * LOW HITPOINT WARNING * * *
You slash the orc!
You kill the orc!
You closely miss the orc priest.
The orc priest mumbles some strange prayers to Beogh against you.
Beogh smites you!
* * * LOW HITPOINT WARNING * * *
You slash the orc priest!
You kill the orc priest!
You slash the ogre!
The ogre is moderately wounded.
The ogre hits you with a +0 giant spiked club!!
You die...

Skill      XL: |  1  2  3  4  5  6  7 |
---------------+----------------------+-----
Axes           | 3 4 6 7 8 9 |  9.6
Fighting       | |  2.6
Armour         | |  3.2
Shields        | |  3.2

Action                   |  1- 3 |  4- 6 |  7- 9 || total
-------------------------+-------+-------+-------++-------
Melee: War axe           |    92 |   170 |    67 ||   329
Throw: Stone             |    68 |    84 |     3 ||   155
 Abil: Heal Wounds       |       |     3 |     1 ||     4
Evoke: Wand              |       |     2 |       ||     2
  Use: Scroll            |       |    14 |       ||    14
       Potion            |       |     1 |       ||     1
  Eat: Chunk             |     2 |     5 |       ||     7
       Ration            |       |       |     1 ||     1
Armor: Scale mail        |    27 |    11 |       ||    38
       Chain mail        |       |    63 |    35 ||    98
Dodge: Dodged            |    18 |    24 |     9 ||    51
       Repelled          |       |     3 |     1 ||     4
Block: Kite shield       |    42 |    70 |    18 ||   130

Levels and vault maps discovered:
D:1:      dpeg_arrival_simpleton_a, layout_basic, minmay_quantized
D:2:      layout_loops_ring, nemelex_xobeh_ov_fountains_minmay,
          nicolae_overflow_crystal_walls, hangedman_feature_mirror
D:3:      layout_basic, chequers_ecumenical_altar_simple_redux, minmay_cupped
D:4:      layout_cave_pools, lemuel_doored_altar, lemuel_crystal_altar,
          first_ration
D:5:      layout_basic, serial_shops, shop, minmay_joined_circles,
          uniq_eustachio, uniq_grinder

Notes
Turn   | Place    | Note
-------+----------+-------------------------------------------
     0 | D:1      | Bionic the Deep Dwarf Fighter began the quest for the Orb.
     0 | D:1      | Reached XP level 1. HP: 20/20 MP: 1/1
   395 | D:1      | Reached skill level 3 in Axes
   422 | D:1      | Reached XP level 2. HP: 27/27 MP: 2/2
  1082 | D:2      | Reached XP level 3. HP: 26/33 MP: 3/3
  1129 | D:2      | Reached skill level 4 in Axes
  1319 | D:2      | Found a sparkling altar of Nemelex Xobeh.
  1455 | D:2      | Found a shattered altar of Ashenzari.
  1637 | D:3      | Reached XP level 4. HP: 30/40 MP: 4/4
  1786 | D:3      | Reached skill level 5 in Axes
  2293 | D:3      | Reached skill level 6 in Axes
  2293 | D:3      | Reached XP level 5. HP: 43/46 MP: 4/4
  2447 | D:3      | Found a faded altar of an unknown god.
  2728 | D:4      | Noticed an ogre
  2871 | D:4      | Reached skill level 7 in Axes
  2871 | D:4      | Reached XP level 6. HP: 48/55 MP: 5/5
  2925 | D:4      | Found an ornate altar of the Wu Jian Council.
  3048 | D:4      | Reached skill level 8 in Axes
  3166 | D:4      | Found a stormy altar of Qazlal.
  3351 | D:5      | Entered Level 5 of the Dungeon
  3435 | D:5      | Noticed an orc warrior
  3458 | D:5      | Killed an orc warrior
  3458 | D:5      | Reached XP level 7. HP: 43/61 MP: 6/6
  3500 | D:5      | Found Wuivih's Distillery.
  3505 | D:5      | Bought a potion of curing for 33 gold pieces
  3509 | D:5      | Noticed Eustachio
  3661 | D:5      | Reached skill level 9 in Axes
  3742 | D:5      | Slain by an ogre

Vanquished Creatures
  An orc warrior (D:5)
  An ice beast (D:5)
  An ogre (D:4)
  A water moccasin zombie (D:5)
  A howler monkey (D:4)
  A bullfrog zombie (D:4)
  A hound (D:4)
  An orc priest (D:5)
  3 orc wizards
  3 worker ants
  A hound skeleton (D:4)
  A worker ant zombie (D:5)
  8 adders
  2 adder skeletons (D:4)
  4 worms
  A dart slug (D:2)
  2 leopard geckos
  21 orcs
  3 giant cockroaches
  6 goblins
  8 hobgoblins
  2 quokkas
  2 bats (D:3)
  5 frilled lizards
  6 kobolds
  A quokka skeleton (D:4)
  8 rats
95 creatures vanquished.

Table legend:
 A = Turns spent in this place as a percentage of turns spent in the entire game.
 B = Non-inter-level travel turns spent in this place as a percentage of non-inter-level travel turns spent in the entire game.
 C = Inter-level travel turns spent in this place as a percentage of turns spent in this place.
 D = Turns resting spent in this place as a percentage of non-inter-level travel turns spent in this place.
 E = Turns spent auto-exploring this place as a percentage of non-inter-level travel turns spent in this place.
 F = Non-inter-level travel turns spent in this place divided by the number of levels of this place that you've seen.
                   A       B       C       D       E      F
               +-------+-------+-------+-------+-------+----------------------
         Total | 100.0 | 100.0 |   4.1 |   0.0 |  74.0 | 717.8
       Dungeon | 100.0 | 100.0 |   4.1 |   0.0 |  74.0 | 717.8
               +-------+-------+-------+-------+-------+----------------------

Table legend:
 A = Non-vault XP
 B = Vault XP
 C = Vault XP percentage of total XP
 D = Non-vault monster count
 E = Vault monster count
 F = Vault count percentage of total count
                 A         B        C        D         E       F
            +---------+---------+-------+---------+---------+-------
      Total |    1136 |      17 |   1.5 |      88 |       7 |   7.4
            +---------+---------+-------+---------+---------+-------
        D:1 |      25 |       7 |  21.9 |      17 |       4 |  19.0
        D:2 |      49 |       7 |  12.5 |      12 |       2 |  14.3
        D:3 |     191 |       3 |   1.5 |      27 |       1 |   3.6
        D:4 |     368 |       0 |   0.0 |      18 |       0 |   0.0
        D:5 |     503 |       0 |   0.0 |      14 |       0 |   0.0
            +---------+---------+-------+---------+---------+-------
